Workbook

Sheet Matriz 1 - Riesgos
B1: Versión: Pliego de condiciones con Adenda No. 1
A2: N° | B2: Clase | C2: Fuente | D2: Etapa | E2: Tipo | F2: Descripción (Qué puede pasar y, cómo puede ocurrir) | G2: Consecuencia de la ocurrencia del evento | H2: Probabilidad | I2: Impacto | J2: Valoración del riesgo | K2: Categoría | L2: ¿A quién se le asigna? | M2: Tratamiento/ Controles a ser implementados | N2: Impacto después del tratamiento | R2: ¿Afecta la ejecución del contrato? | S2: Responsable por implementar el tratamiento | T2: Fecha estimada en que se inicia el tratamiento | U2: Fecha estimada en que se completa el tratamiento | V2: Monitoreo y revisión
N3: Probabilidad | O3: Impacto | P3: Valoración del riesgo | Q3: Categoría | V3: ¿Cómo se realiza el monitoreo? | W3: Periodicidad ¿Cuándo?
A5: 1 | B5: General | C5: Externo | D5: Selección | E5: Económico | F5: Supuestas condiciones de colusión entre los participantes del proceso de selección. | G5: Baja participación en el proceso de selección producto de conductas colutivas, implicando la delcaratoria de desierta de una, o varias regiones. | H5: 2 | I5: 3 | J5: =SUM(H5:I5) -> 5 | K5: =VLOOKUP(J5,Inputs!$E$2:$F$12,2,FALSE) -> Medio | L5: Proponentes | M5: Adecuada estructuración de los documentos que hacen parte del proceso de selección, con una planeación acertada y acorde a la realidad del sector, estableciendo requisitos habilitantes y de ponderación adecuados y proporcionales, logrando mitigar la probaiblidad de ocurrencia de supuestas condiciones de colusión entre los participantes del proceso de selección. | N5: 2 | O5: 2 | P5: =SUM(N5:O5) -> 4 | Q5: =VLOOKUP(P5,Inputs!$E$2:$F$12,2,FALSE) -> Bajo | R5: Sí | S5: Colombia Compra Eficiente | T5: En la etapa previa de planeación y estructuración. | U5: En la adjudicación del Acuerdo Marco | V5: Conociendo las condiciones propias del sector, relación oferta/demanda, así como la atención de observaciones realizadas en las diferentes etapas del proceso de selección, cuya viabilidad técnica, jurídica y financiera sea pertinente. | W5: Permanente hasta la presentación de propuestas.
A6: 2 | B6: General | C6: Externo | D6: Ejecución | E6: Operacional | F6: Cesión de la Orden de Compra o terminación anticipada del Acuerdo Marco con un Proveedor en particular producto de una inhabilidad sobreviniente por acumulación de multas y sanciones del proveedor. | G6: Disminución de la oferta y la competencia en la Operación Secundaria producto de la inhabilidad sobreviniente del proveedor en particular en el Acuerdo Marco de Precios. | H6: 1 | I6: 3 | J6: =SUM(H6:I6) -> 4 | K6: =VLOOKUP(J6,Inputs!$E$2:$F$12,2,FALSE) -> Bajo | L6: Proveedor | M6: Ejecución adecuada de los contratos y Órdenes de Compra para evitar sanciones, multas y futuras inhabilidades de acuerdo con la normatividad legal aplicable en la materia. | N6: 1 | O6: 1 | P6: =SUM(N6:O6) -> 2 | Q6: =VLOOKUP(P6,Inputs!$E$2:$F$12,2,FALSE) -> Bajo | R6: Sí | S6: Proveedor | T6: Operación secundaria | U6: Terminación del Acuerdo Marco. | V6: Verificación de multas y sanciones en la elaboración de los informes de supervisión por parte de CCE; y de las Entidades Compradoras como supervisoras de las Órdenes de Compra. | W6: Permanente
A7: 3 | B7: General | C7: Externo | D7: Selección | E7: Económico | F7: Baja participación de Proponentes en las diferentes regiones del Acuerdo. | G7: Posiblidad de declarar desierta alguna zona o región bajo el modelo de adjudicación propuesto. | H7: 1 | I7: 3 | J7: =SUM(H7:I7) -> 4 | K7: =VLOOKUP(J7,Inputs!$E$2:$F$12,2,FALSE) -> Bajo | L7: Colombia Compra Eficiente | M7: Promocionar el acuerdo marco a través de la mesa de gobierno empresarial realizada el 16/06/2021, difusión en redes sociales una vez publicado el proceso de selección, y establecimiento de requisitos de participación adecuados y proporcionales. | N7: 1 | O7: 2 | P7: =SUM(N7:O7) -> 3 | Q7: =VLOOKUP(P7,Inputs!$E$2:$F$12,2,FALSE) -> Bajo | R7: Sí | S7: Colombia Compra Eficiente | T7: Desde la planeación del Proceso de Contratación | U7: A la fecha de cierre de presentación de Ofertas | V7: Verificando el estado, consultas e interesados inscritos en el proceso de selección en el SECOP II. | W7: Permanente durante la etapa de selección
A8: 4 | B8: General | C8: Externo | D8: Ejecución | E8: Regulación | F8: Cambios tributarios y arancelarios aplicables a los bienes a suministrar. | G8: Variaciones en el valor de los bienes a suministrar producto de los cambios tributarios aplicables. | H8: 2 | I8: 2 | J8: =SUM(H8:I8) -> 4 | K8: =VLOOKUP(J8,Inputs!$E$2:$F$12,2,FALSE) -> Bajo | L8: Proveedor | M8: Estipulación contractual que permita revisar precios frente a modificaciones en tributos y aranceles aplicables. Así como la posibilidad de realizar actualizaciones de precios en la ejecución del Acuerdo Marco, según son detallados en la minuta. | N8: 2 | O8: 1 | P8: =SUM(N8:O8) -> 3 | Q8: =VLOOKUP(P8,Inputs!$E$2:$F$12,2,FALSE) -> Bajo | R8: No | S8: Colombia Compra Eficiente | T8: Etapa de planeación. | U8: Terminación del Acuerdo Marco. | V8: Actualizaciones del catálogo de acuerdo como es establecido en la minuta. | W8: Según lineamientos de la minuta.
A9: 5 | B9: General | C9: Externo | D9: Ejecución | E9: Económico | F9: Variaciones que superen el comportamiento histórico o "normal" de la TRM reportado o analizado por el Banco de la República. | G9: Modificación de los precios de los bienes del Acuerdo Marco, aumento o disminución de los costos asociados al suministro de los bienes por parte del proveedor. | H9: 2 | I9: 3 | J9: =SUM(H9:I9) -> 5 | K9: =VLOOKUP(J9,Inputs!$E$2:$F$12,2,FALSE) -> Medio | L9: Colombia Compra Eficiente + Entidad Compradora + Proveedor | M9: Estipulación contractual que permita revisar, analizar y ajustar, cuando sea aplicable, los precios periódicamente frente a la variación de las condiciones económicas en función de la TRM. Revisión periódica por parte de los Proveedores para analizar las condiciones que pueden afectar los precios. Consideración por parte de las Entidades Compradoras de los costos adicionales que se puedan derivar de las variaciones de la TRM en las compras públicas. | N9: 2 | O9: 2 | P9: =SUM(N9:O9) -> 4 | Q9: =VLOOKUP(P9,Inputs!$E$2:$F$12,2,FALSE) -> Bajo | R9: No | S9: Colombia Compra Eficiente + Entidad Compradora + Proveedor | T9: Etapa de planeación. | U9: Terminación del Acuerdo Marco. | V9: Verificación de las variaciones de la TRM, así como de las situaciones que sean reportadas por los Proveedores a CCE, en caso de existir. | W9: Trimestralmente.
A10: 6 | B10: Específico | C10: Interno | D10: Ejecución | E10: Financieros | F10: El proveedor no realiza el pago de los aportes a seguridad social y parafiscales de conformidad con lo establecido en el ordenamiento jurídico. | G10: Afectación de la prestación del servicio con ocasión del no cubrimiento del trabajador en el marco del sistema de seguridad social con ocasión del no pago de los aportes a seguridad social y parafiscales de conformidad con lo establecido en el ordenamiento jurídico | H10: 3 | I10: 3 | J10: =SUM(H10:I10) -> 6 | K10: =VLOOKUP(J10,Inputs!$E$2:$F$12,2,FALSE) -> Alto | L10: Colombia Compra Eficiente + Entidad Compradora + Proveedor | M10: Suspensión temporal del Catálogo de la Tienda Virtual del Estado Colombiano del Proveedor que incumplió con sus obligaciones de pago de aportes a seguridad social, hasta el cumplimiento de su obligación. | N10: 2 | O10: 3 | P10: =SUM(N10:O10) -> 5 | Q10: =VLOOKUP(P10,Inputs!$E$2:$F$12,2,FALSE) -> Medio | R10: Si | S10: Colombia Compra Eficiente + Entidad Compradora + Proveedor | T10: Etapa de ejecución del Acuerdo Marco | U10: Terminación del Acuerdo Marco. | V10: La Entidad Compradora deberá adoptar los mecanismos tendientes a realizar la verificación de la certificación expedida por el representante legal y/o revisor fiscal del cumplimiento del pago de los aportes a seguridad social y parafiscales de conformidad con lo establecido en el ordenamiento jurídico; y en caso tal informar a CCE para proceder con la suspensión en el catálogo hasta no dar cumplimiento con su obligación. | W10: Permanente
A11: 7 | B11: General | C11: Interno | D11: Ejecución | E11: Operacionales | F11: Retrasos en la entrega de los bienes a suministrar por causas atribuibles al Proveedor. | G11: Demoras en los tiempos de entrega de los bienes por parte del proveedor a la Entidad Compradora. | H11: 3 | I11: 4 | J11: =SUM(H11:I11) -> 7 | K11: =VLOOKUP(J11,Inputs!$E$2:$F$12,2,FALSE) -> Alto | L11: Proveedor | M11: Adecuada planeación, organización y logística por parte del Proveedor, contemplando aspectos como: destino de entrega, volúmenes, forma de transporte, tiempos de entrega, por mencionar algunos. Con la finalidad de realizar la entrega en los tiempos establecidos en la Minuta. | N11: 2 | O11: 2 | P11: =SUM(N11:O11) -> 4 | Q11: =VLOOKUP(P11,Inputs!$E$2:$F$12,2,FALSE) -> Bajo | R11: Si | S11: Proveedor | T11: Colocación de la orden de compra | U11: Terminación de la orden de compra | V11: Una vez el Proveedor tiene el listado de elementos a suministrar, se contactará con el Supervisor por parte de la Entidad para organizar los aspectos logísticos para el suministro de los bienes, teniendo en cuenta el lugar en el cual se entregarán, y demás variables que sean pertinentes. | W11: Durante la ejecución de la orden de compra por parte del Supervisor de la entidad compradora.
A12: 8 | B12: General | C12: Interno | D12: Ejecución | E12: Operacionales | F12: Retrasos o limitaciones para el recibo de los bienes a suministrar por causas atribuibles a la Entidad Compradora. | G12: Demoras en la recepción de los bienes por parte de la Entidad compradora de los bienes a suministrar, y por tanto retrasos en el pago correspondiente al Proveedor. | H12: 3 | I12: 4 | J12: =SUM(H12:I12) -> 7 | K12: =VLOOKUP(J12,Inputs!$E$2:$F$12,2,FALSE) -> Alto | L12: Entidad Compradora | M12: Adecuada planeación y diligencia por parte de la Entidad Compradora, así como la coordinación con el Proveedor para realizar el recibo de los bienes, y contar con el espacio o lugar físico en el cual serán entregados los bienes; sin que esto implique un retraso logístico para las partes y por ende el pago respectivo según los plazos establecidos. | N12: 2 | O12: 2 | P12: =SUM(N12:O12) -> 4 | Q12: =VLOOKUP(P12,Inputs!$E$2:$F$12,2,FALSE) -> Bajo | R12: Si | S12: Entidad Compradora + Proveedor | T12: Colocación de la orden de compra | U12: Terminación de la orden de compra | V12: La Entidad Compradora como parte de su planeación, tendrá que establecer los aspectos logísticos para la recepción de los bienes, tanto el lugar en el cual serán almacenados, como la persona encargada de recibirlos, esto a través del Supervisor de la orden de compra. | W12: Durante la ejecución de la orden de compra por parte del Supervisor de la entidad compradora.
A13: 9 | B13: Específico | C13: Interno | D13: Ejecución | E13: Financieros | F13: Retrasos en los pagos al Proveedor por presentación incompleta o errada de la documentación requerida para el pago atribuilbe a este. | G13: Demoras en el pago y desembolso del valor de los bienes suministrados por problemas con la documentación soporte de la cuenta de cobro ante la Entidad Compradora. | H13: 2 | I13: 4 | J13: =SUM(H13:I13) -> 6 | K13: =VLOOKUP(J13,Inputs!$E$2:$F$12,2,FALSE) -> Alto | L13: Proveedor | M13: Verificación de los requisitos que contempla la Entidad Compradora y los aspectos legales para el trámite de la respectiva cuenta de cobro, y contar con la revisión del Supervisor por parte de la entidad a la orden de compra. | N13: 1 | O13: 2 | P13: =SUM(N13:O13) -> 3 | Q13: =VLOOKUP(P13,Inputs!$E$2:$F$12,2,FALSE) -> Bajo | R13: Si | S13: Proveedor | T13: Colocación de la orden de compra | U13: Terminación de la orden de compra y pago total de la misma | V13: Solicitud por parte del Proveedor a la entidad de la totalidad de los formatos y documentos que sean necesarios para el trámite de la cuenta a través del Supervisor. Esto a su vez se establece como una obligación contractual en la Minuta del Acuerdo. Así como el correcto diligenciamiento de la información por parte del Proveedor. | W13: Durante la ejecución de la orden de compra por parte del Supervisor de la entidad compradora.
A14: 10 | B14: Específico | C14: Interno | D14: Ejecución | E14: Financieros | F14: Devolución de la cuenta de cobro al Proveedor por ausencia o desinformación de la documentación o formatos internos de la Entidad Compradora para el trámite de la misma. | G14: Demoras en el pago y desembolso del valor de los bienes suministrados por ausencia o desinformación de formatos o documentos internos que la Entidad Compradora no entregó al Proveedor. | H14: 3 | I14: 4 | J14: =SUM(H14:I14) -> 7 | K14: =VLOOKUP(J14,Inputs!$E$2:$F$12,2,FALSE) -> Alto | L14: Entidad Compradora | M14: Entrega de la totalidad de formatos y listado de documentos que sean necesarios para el trámite de la cuenta de cobro por parte del Supervisor o apoyo a la supervisión de la orden de compra al Proveedor. | N14: 1 | O14: 2 | P14: =SUM(N14:O14) -> 3 | Q14: =VLOOKUP(P14,Inputs!$E$2:$F$12,2,FALSE) -> Bajo | R14: Si | S14: Entidad Compradora + Proveedor | T14: Colocación de la orden de compra | U14: Terminación de la orden de compra y pago total de la misma | V14: La Entidad Compradora deberá hacer la entrega de la totalidad de la información y formatos para el pago al Proveedor a través del Supervisor, así como la revisión de la misma para el trámite respectivo. | W14: Durante la ejecución de la orden de compra por parte del Supervisor de la entidad compradora.

Sheet Inputs
A1: Clase | B1: Fuente | C1: Etapa | D1: Tipo | E1: Riesgo | F1: Valoración | G1: 1 | H1: Colombia Compra Eficiente
A2: General | B2: Interno | C2: Planeación | D2: Económico | E2: 0 | F2: Bajo | G2: 2 | H2: Proveedor
A3: Específico | B3: Externo | C3: Selección | D3: Sociales o Políticos | E3: 1 | F3: Bajo | G3: 3 | H3: Entidad Compradora
C4: Contratación | D4: Operacionales | E4: 2 | F4: Bajo | G4: 4 | H4: Colombia Compra Eficiente + Proveedor
C5: Ejecución | D5: Financieros | E5: 3 | F5: Bajo | G5: 5 | H5: Colombia Compra Eficiente + Entidad Compradora
D6: Regulatorios | E6: 4 | F6: Bajo | H6: Entidad Compradora + Proveedor
D7: Naturaleza | E7: 5 | F7: Medio | H7: Colombia Compra Eficiente + Entidad Compradora + Proveedor
D8: Ambientales | E8: 6 | F8: Alto
D9: Tecnológicos | E9: 7 | F9: Alto
E10: 8 | F10: Extremo
E11: 9 | F11: Extremo
E12: 10 | F12: Extremo
